 Dungeon Crawl Stone Soup version 0.26.1-11-gd32895ea62 (webtiles) character file.

Game seed: 17396498224958336497

6687 Ijustatesigmund the Cleaver (level 11, -2/80 HPs)
             Began as an Octopode Fighter on July 2, 2021.
             Was a Priest of Cheibriados.
             Slain by a sky beast (5 damage)
             ... on level 10 of the Dungeon.
             The game lasted 00:21:32 (10154 turns).

Ijustatesigmund the Cleaver (Octopode Fighter)     Turns: 10154, Time: 00:21:32

Health: -2/80      AC:  1    Str: 30    XL:     11   Next: 3%
Magic:  10/16      EV: 14    Int: 20    God:    Cheibriados [***...]
Gold:   330        SH: 11    Dex: 21    Spells: 10/10 levels left

rFire    . . .     SeeInvis .   a - +2 war axe
rCold    . . .     Faith    .   b - +0 kite shield
rNeg     + . .     Spirit   .   (helmet restricted)
rPois    .         Reflect  .   (no amulet)
rElec    +         Harm     .   h - ring of stealth
rCorr    +         Rampage  .   k - +6 ring of strength
Will     .....                  (no ring)
Stlth    ++++++....             (no ring)
HPRegen  0.23/turn              (no ring)
MPRegen  0.15/turn              w - ring "Labre" {+Inv +Fly rElec rN+ rCorr}
                                (no ring)
                                (no ring)

@: very slightly contaminated, invisible, very slow
A: almost no armour, stealthy swim, amphibious, 8 rings, constrict 8, camouflage
1, gelatinous body 1
a: Renounce Religion, Evoke Invisibility, Evoke Flight, Bend Time, Temporal
Distortion


You were on level 10 of the Dungeon.
You worshipped Cheibriados.
Cheibriados was most pleased with you.
You visited 2 branches of the dungeon, and saw 11 of its levels.
You also visited: Ossuary.

You collected 831 gold pieces.
You spent 501 gold pieces at shops.

Inventory:

Hand Weapons
 a - a +2 war axe (weapon)
 s - a +2 flail of protection
 u - a +2 hand axe of freezing
Missiles
 f - 34 poisoned darts
 p - a curare-tipped dart (quivered)
Armour
 b - a +0 kite shield (worn)
Jewellery
 h - a ring of stealth (left tentacle)
 k - a +6 ring of strength (right tentacle)
 w - the ring "Labre" (on tentacle) {+Inv +Fly rElec rN+ rCorr}
   (You bought it in a shop on level 7 of the Dungeon)

   [ring of resist corrosion]

   It insulates you from electricity.
   It protects you from negative energy.
   It lets you turn invisible.
   It lets you fly.
   It provides partial protection from all sources of acid and corrosion.
Wands
 y - a wand of digging (6)
 z - a wand of flame (24)
Scrolls
 e - 6 scrolls of identify
 j - 4 scrolls of remove curse
 o - a scroll of magic mapping {unknown}
 q - a scroll of amnesia
 v - a scroll of immolation
Potions
 c - 2 potions of ambrosia
 l - 4 potions of curing
 n - 3 potions of brilliance
 r - 4 potions of flight
 t - 3 potions of attraction
 x - a potion of might


   Skills:
 + Level 9.1 Fighting
 + Level 10.3 Axes
 - Level 4.4 Dodging
 - Level 4.8 Stealth
 - Level 4.4 Shields
 + Level 7.5 Invocations
 - Level 3.6 Evocations


You had 10 spell levels left.
You didn't know any spells.
Your spell library contained the following spells:

 Spells                   Type           Power        Failure   Level
 Animate Skeleton         Necr           0%           58%         1
 Magic Dart               Conj           0%           58%         1
 Pain                     Necr           0%           58%         1
 Searing Ray              Conj           0%           75%         2
 Dazzling Flash           Conj/Hex       0%           92%         3
 Vampiric Draining        Necr           0%           92%         3
 Animate Dead             Necr           0%           100%        4
 Fulminant Prism          Conj/Hex       0%           100%        4
 Iskenderun's Mystic Bla  Conj/Tloc      0%           100%        4
 Agony                    Necr           0%           100%        5


Dungeon Overview and Level Annotations

Branches:
Dungeon (10/15)            Temple (1/1) D:6            Lair (0/6) D:9
Ossuary (visited)
    Orc: D:9-12

Altars:
Ashenzari
Cheibriados
Dithmenos
Elyvilon
Fedhas
Gozag
Hepliaklqana
Kikubaaqudgha
Makhleb
Nemelex Xobeh
Okawaru
Qazlal
Ru
Sif Muna
Trog
Uskayaw
Vehumet
Wu Jian
Xom
Yredelemnul
Zin
The Shining One

Shops:
D:7 *:!   D:8 *=

Annotations:
D:6 2 transporters, Kukuleta's ghost, novice DsNe
D:7 2 runed translucent doors, lawnmower's ghost, novice MiCK
D:8 2 runed translucent doors
D:10 Maggie


Innate Abilities, Weirdness & Mutations

You cannot wear most types of armour.
You are very stealthy in the water. (Stealth+)
You are amphibious.
You can wear up to eight rings at the same time.
You can use your tentacles to constrict eight enemies at once.
Your skin changes colour to match your surroundings (Stealth+).
Your rubbery body absorbs attacks. (AC +1, EV +1)


Message History

Cheibriados appreciates the change of pace.
You kill the orc!
Cheibriados thoroughly appreciates the change of pace.
You kill the orc!
Cheibriados thoroughly appreciates the change of pace.
You kill the orc priest!
Cheibriados appreciates the change of pace.
You kill the orc!
Cheibriados appreciates the change of pace.
You kill the orc priest!
Cheibriados appreciates the change of pace.
You kill the orc!
Cheibriados thoroughly appreciates the change of pace.
You kill the orc!
Cheibriados appreciates the change of pace.
You can no longer inflict damage on those overly hasty.
Cheibriados lowers the support of your attributes as your movement quickens.
As you read the scroll of fog, it crumbles to dust.
The scroll dissolves into smoke.
Something hits you.
You die...

.....#
#..oKo..#P8#.##....?..#
############.##.......#
............##.......#
................. #.#
##[##..........####>##
#..§..§§...........)..
#.8≈§§§≈≈≈≈≈≈≈≈≈≈≈≈≈≈≈
#.≈8§@{≈≈≈≈≈≈≈≈≈≈≈≈≈≈≈
#.≈§§§################
....≈≈§#o.ooo.. ##..≈≈#
@)oh... ##... ))o....
#.≈≈ .†[o.o. #.≈
....... #.≈ ####### #.


You could see an orc warrior and an orc priest (asleep).

Vanquished Creatures
  A two-headed ogre (D:8)
  Pikel (D:8)
  Psyche (D:8)
  Prince Ribbit (D:8)
  Sigmund (D:3)
  A wyvern (D:9)
  A wraith (D:10)
  3 yaks (D:10)
  Edmund (D:6)
  Duvessa (D:7)
  A sky beast (D:6)
  An ice beast (D:6)
  2 orc warriors
  3 phantoms
  A necrophage (D:9)
  2 ogres (D:4)
  2 centaurs
  2 elf zombies (Ossuary)
  2 lemures (D:8)
  A bullfrog (D:6)
  3 elf skeletons (D:8)
  A wyvern skeleton (D:9)
  Dowan (D:7)
  5 wights (D:9)
  3 electric eels (D:10)
  4 howler monkeys
  2 bullfrog zombies
  A centaur zombie (Ossuary)
  3 jellies
  7 orc priests
  A hound (D:4)
  A human skeleton (D:8)
  13 orc wizards
  2 bullfrog skeletons
  3 iguanas
  8 worker ants
  2 killer bee zombies (D:6)
  3 big kobold zombies (Ossuary)
  A hound skeleton (D:8)
  2 mummies (Ossuary)
  A howler monkey zombie (D:9)
  3 gnolls (D:4)
  6 adders
  3 white imps
  2 ufetubi
  An ooze (D:1)
  An adder zombie (Ossuary)
  4 adder skeletons
  4 dart slugs
  A worm (D:2)
  A leopard gecko (D:2)
  20 orcs
  7 giant cockroaches
  2 goblins (D:1)
  10 hobgoblins
  16 jackals
  4 kobolds
  8 quokkas
  3 ball pythons
  A ball python skeleton (D:4)
  3 bats
  3 frilled lizards
  A goblin zombie (Ossuary)
  8 hobgoblin zombies (Ossuary)
  A jackal zombie (Ossuary)
  9 kobold zombies (Ossuary)
  2 leopard gecko skeletons
  An orc skeleton (D:8)
  10 orc zombies
  8 rats
  2 rat zombies (Ossuary)
241 creatures vanquished.

Vanquished Creatures (others)
  Erolcha (D:10)
  A quokka (D:6)
  3 plants (D:9)
5 creatures vanquished.

Grand Total: 246 creatures vanquished

Notes
Turn   | Place    | Note
-------+----------+-------------------------------------------
     0 | D:1      | Ijustatesigmund the Octopode Fighter began the quest for
                  | the Orb.
     0 | D:1      | Reached XP level 1. HP: 16/16 MP: 1/1
    25 | D:1      | Reached XP level 2. HP: 18/21 MP: 2/2
   697 | D:1      | Reached XP level 3. HP: 26/26 MP: 3/3
  1292 | D:2      | Noticed a centaur
  1300 | D:2      | Killed a centaur
  1301 | D:2      | Reached skill level 3 in Axes
  1301 | D:2      | Reached XP level 4. HP: 20/32 MP: 4/4
  1301 | D:2      | Reached XP level 5. HP: 23/36 MP: 5/5
  1928 | D:3      | Noticed Sigmund
  2316 | D:4      | Reached skill level 4 in Axes
  2332 | D:4      | Reached XP level 6. HP: 43/43 MP: 6/6
  2492 | D:4      | Reached skill level 5 in Axes
  2492 | D:4      | Reached XP level 7. HP: 49/49 MP: 7/7
  3050 | D:3      | Reached skill level 1 in Stealth
  3071 | D:3      | Reached skill level 1 in Evocations
  3306 | D:3      | Killed Sigmund
  3307 | D:3      | Reached XP level 8. HP: 41/54 MP: 8/8
  3422 | D:3      | Found a glowing silver altar of Zin.
  3549 | D:5      | Entered Level 5 of the Dungeon
  3554 | D:5      | Reached skill level 6 in Axes
  3686 | D:5      | Reached skill level 5 in Fighting
  4315 | D:6      | Found a staircase to the Ecumenical Temple.
  4499 | D:6      | Found a white marble altar of Elyvilon.
  4604 | D:6      | Noticed Edmund
  4613 | D:6      | Reached skill level 7 in Axes
  4618 | D:6      | Killed Edmund
  4997 | Temple   | Entered the Ecumenical Temple
  5132 | Temple   | Became a worshipper of Cheibriados the Contemplative
  5219 | D:6      | Found a transporter.
  5239 | D:6      | Noticed a purple ugly thing
  5241 | D:6      | Noticed a small abomination
  5244 | D:6      | Noticed Kukuleta's ghost (novice DsNe)
  5247 | D:6      | Found a transporter.
  5275 | D:6      | Noticed an ancient zyme
  5280 | D:6      | Reached XP level 9. HP: 49/62 MP: 9/9
  5411 | D:6      | Reached skill level 1 in Invocations
  5672 | D:7      | Found a large runed translucent door.
  5672 | D:7      | Found a large runed translucent door.
  5699 | D:7      | Found Qijou's Book Shop.
  5761 | D:7      | Found Gyrurche's Assorted Antiques.
  5774 | D:7      | Bought a scroll labelled DAOCVIX DYMUO for 31 gold pieces
  5774 | D:7      | Bought a small diamond ring for 155 gold pieces
  5774 | D:7      | Bought a scintillating glass ring for 155 gold pieces
  5775 | D:7      | Identified the ring "Labre" {+Inv +Fly rElec rN+ rCorr}
                  | (You bought it in a shop on level 7 of the Dungeon)
  5849 | D:7      | Noticed lawnmower's ghost (novice MiCK)
  6058 | D:7      | Noticed Duvessa
  6058 | D:7      | Noticed Dowan
  6060 | D:7      | Killed Dowan
  6067 | D:7      | Killed Duvessa
  6186 | D:7      | Found Mikk's Distillery.
  6190 | D:7      | Bought a potion of heal wounds for 80 gold pieces
  6190 | D:7      | Bought a potion of heal wounds for 80 gold pieces
  6311 | D:7      | Reached skill level 8 in Axes
  6674 | D:8      | Noticed a two-headed ogre
  6687 | D:8      | Noticed Prince Ribbit
  6939 | D:8      | Killed Prince Ribbit
  7147 | D:8      | Found Ted Vej's Jewellery Shop.
  7255 | D:8      | Found a sand-covered staircase.
  7260 | Ossuary  | Entered an ossuary
  7328 | Ossuary  | Reached * piety under Cheibriados
  7552 | Ossuary  | Reached ** piety under Cheibriados
  7867 | D:8      | Found a runed translucent door.
  7869 | D:8      | Found a runed translucent door.
  7923 | D:8      | Found Meof's General Store.
  7932 | D:8      | Noticed Pikel
  7936 | D:8      | Killed Pikel
  7937 | D:8      | Reached skill level 9 in Axes
  7937 | D:8      | Reached skill level 5 in Invocations
  7937 | D:8      | Reached XP level 10. HP: 56/71 MP: 13/13
  8080 | D:8      | Killed a two-headed ogre
  8141 | D:8      | Noticed Psyche
  8150 | D:8      | Killed Psyche
  8831 | D:9      | Found a staircase to the Lair.
  9201 | D:9      | Reached *** piety under Cheibriados
  9833 | D:10     | Entered Level 10 of the Dungeon
  9883 | D:10     | Reached skill level 10 in Axes
 10082 | D:10     | Noticed Erolcha
 10088 | D:10     | Reached **** piety under Cheibriados
 10092 | D:10     | Paralysed by Erolcha for 4 turns
 10093 | D:10     | Killed Erolcha
 10098 | D:10     | Reached XP level 11. HP: 46/80 MP: 16/16
 10143 | D:10     | Noticed Maggie
 10152 | D:10     | HP: 3/80 [something (2)]
 10154 | D:10     | Slain by a sky beast

Illustrated notes

Levels and vault maps discovered:
D:1:      lightli_arrival_lavapool, layout_basic
D:2:      layout_loops_ring
D:3:      layout_basic, marbit_many_paths, uniq_sigmund
D:4:      layout_cave_pools, corexii_item_surrounded_by_moat
D:5:      layout_gridville, minivault_23
D:6:      layout_cave_pools, minmay_temple_entry_glass,
          gammafunk_ghost_abyssal_escape, elyvilon_altar_4, uniq_edmund
D:7:      layout_loops_corners, ebering_ghost_disaster_area, serial_shops,
          nicolae_shop_window_shopping, nicolae_shop_behind_doors,
          nicolae_shop_crystal, uniq_duvessa
D:8:      lemuel_insect_pit, layout_basic, serial_shops, nicolae_shop_crystal,
          shop_coins, serial_glass, glass_columns_a, glass_columns_a,
          glass_columns_b, glass_columns_b, item_on_display_a, feat_on_display,
          minmay_strange_pillars, feat_on_display,
          nicolae_ossuary_entry_catacombs, uniq_psyche, uniq_prince_ribbit1,
          uniq_pikel
D:9:      layout_loops_ring, dpeg_oklobed_lair
D:10:     gammafunk_wand_slinger, layout_basic, erik_orc_2, enter_trove_1,
          uniq_erolcha, uniq_maggie
Temple:   kilobyte_greek_temple

Skill      XL: |  1  2  3  4  5  6  7  8  9 10 |
---------------+-------------------------------+-----
Axes           | 3 4 5 7 9 10 | 10.3
Shields        | 4 |  4.4
Dodging        | 4 |  4.4
Fighting       | 4 5 7 9 |  9.1
Stealth        | 2 4 |  4.8
Evocations     | 1 3 |  3.6
Invocations    | 5 7 |  7.5

Action                   |  1- 3 |  4- 6 |  7- 9 | 10-12 || total
-------------------------+-------+-------+-------+-------++-------
Melee: War axe           |    58 |    56 |   220 |    78 ||   412
       Tentacles         |     7 |     9 |    74 |    36 ||   126
       Constrict         |    15 |    14 |    64 |    16 ||   109
       Hand axe          |       |       |    54 |       ||    54
Throw: Dart              |       |       |     4 |     6 ||    10
Invok: Bend Time         |       |       |       |     1 ||     1
       Slouch            |       |       |       |     1 ||     1
  Use: Scroll            |     4 |     4 |    14 |     2 ||    24
       Potion            |       |     3 |     8 |     5 ||    16
 Stab: Sleeping          |    10 |     1 |    33 |    12 ||    56
       Distracted        |       |       |     2 |       ||     2
Armor: Skin              |     2 |     3 |     4 |     3 ||    12
Dodge: Dodged            |    16 |    16 |    94 |    28 ||   154
Block: Kite shield       |    23 |    36 |    99 |    40 ||   198
